 Dungeon Crawl Stone Soup version 0.27.1-34-g3ba077fa99 (webtiles) character file.

Game seed: 9195605535861262905

441 belegose the Skirmisher (level 7, 0/61 HPs)
             Began as a Ghoul Abyssal Knight on Jan 10, 2022.
             Was a Follower of Lugonu.
             Slain by a water moccasin (2 damage)
             ... on level 4 of the Dungeon.
             The game lasted 00:05:50 (4504 turns).

belegose the Skirmisher (Ghoul Abyssal Knight)      Turns: 4504, Time: 00:05:51

Health: 0/61       AC:  4    Str: 18    XL:     7   Next: 2%
Magic:  9/9        EV:  8    Int:  7    God:    Lugonu [*.....]
Gold:   169        SH:  8    Dex:  8    Spells: 6/6 levels left

rFire    . . .     SeeInvis .   n - +0 morningstar
rCold    + . .     Faith    .   g - +0 kite shield
rNeg     + + +     Spirit   .   b - +0 leather armour
rPois    ∞         Reflect  .   t - +0 helmet
rElec    .         Harm     .   (no cloak)
rCorr    .         Rampage  .   (no gloves)
Will     .....                  (no boots)
Stlth    +.........             (no amulet)
HPRegen  0.00/turn              (no ring)
MPRegen  0.11/turn              (no ring)

@: inhibited regen
A: claws 1, cold resistance 1, negative energy resistance 3, inhibited
regeneration, torment resistance 2
a: Renounce Religion, Depart the Abyss


You were on level 4 of the Dungeon.
You worshipped Lugonu.
Lugonu was aware of your devotion.
You visited 1 branch of the dungeon, and saw 5 of its levels.
You visited the Abyss 1 time.

You collected 169 gold pieces.

Inventory:

Hand Weapons
 a - a +1 mace
 n - a +0 morningstar (weapon)
Missiles
 f - 30 bolts
 j - 75 stones
Armour
 b - a +0 leather armour (worn)
 g - a +0 kite shield (worn)
 t - a +0 helmet (worn)
Wands
 i - a wand of flame (13)
 k - a wand of mindburst (7)
Scrolls
 c - 3 scrolls of teleportation {unknown}
 e - a scroll of noise {unknown}
 m - 2 scrolls of identify {unknown}
 p - 2 scrolls of fog {unknown}
 q - 2 scrolls of vulnerability {unknown}
 u - 2 scrolls of magic mapping {unknown}
 v - a scroll of torment {unknown}
 w - 2 scrolls of enchant armour {unknown}
Potions
 d - a potion of heal wounds {unknown}
 h - 3 potions of haste {unknown}
 l - 2 potions of mutation {unknown}
 o - 2 potions of curing {unknown}
 r - a potion of degeneration {unknown}
 s - a potion of attraction {unknown}


   Skills:
 + Level 5.0 Fighting
 + Level 3.5 Maces & Flails
 - Level 1.7 Armour
 - Level 0.8 Dodging
 + Level 2.8 Shields
 + Level 4.3 Invocations


You had 6 spell levels left.
You didn't know any spells.
Your spell library was empty.

Dungeon Overview and Level Annotations

Branches:
Dungeon (5/15)
 Temple: D:4-7

Altars:

Shops:
D:4 [

Annotations:
D:3 Sigmund


Innate Abilities, Weirdness & Mutations

You thrive by killing the living.
You are immune to poison.
You have sharp fingernails.
Your flesh is cold resistant. (rC+)
You are immune to negative energy. (rN+++)
You do not regenerate when monsters are visible.
You are immune to unholy pain and torment.


Message History

Your shield prevents you from hitting the water moccasin.
You block the water moccasin's attack. x2
You barely miss the water moccasin. The water moccasin bites you.
The water moccasin bites you but does no damage.
You hit the water moccasin.
The water moccasin is lightly wounded.
The water moccasin bites you. You block the water moccasin's attack.
You closely miss the water moccasin.
The water moccasin is lightly wounded.
The water moccasin bites you. x2; The water moccasin barely misses you.
You closely miss the water moccasin.
The water moccasin is lightly wounded.
You block the water moccasin's attack. x2
You closely miss the water moccasin.
The water moccasin bites you but does no damage.
The water moccasin bites you.
You sock the water moccasin!
The water moccasin is moderately wounded.
You block the water moccasin's attack.
The water moccasin bites you but does no damage.
You closely miss the water moccasin.
The water moccasin is moderately wounded.
The water moccasin bites you. x2
You closely miss the water moccasin.
The water moccasin is moderately wounded.
The water moccasin bites you! You block the water moccasin's attack.
You barely miss the water moccasin.
The water moccasin is moderately wounded.
The water moccasin bites you. x2
* * * LOW HITPOINT WARNING * * *
You miss the water moccasin.
The water moccasin is moderately wounded.
You block the water moccasin's attack. The water moccasin bites you.
* * * LOW HITPOINT WARNING * * *
You puncture the water moccasin!
The water moccasin is heavily wounded.
The water moccasin bites you!
* * * LOW HITPOINT WARNING * * *
The water moccasin bites you.
You die...

######### #.......#
#.#####.# #.#####.#
#.##....########### #
#>...##...........# #
#.....#.######..S.##########
# ........# #...@..........#
# ........# ##...#########.#
# .......## ##.## #.# #
#.....## #.# #.# # ##...##
#.# #.# # ##.## ##+## #.# ##
#.# ##...## ####.#####.
#.### ##.....## #........#.
#.#.## ##.......##
#.#..###.#.


You could see a water moccasin.

Vanquished Creatures
  A hornet (D:4)
  A necrophage (D:3)
  An ogre (D:4)
  5 adders
  A worm (D:4)
  An endoplasm (D:1)
  2 giant cockroaches
  4 hobgoblins
  3 jackals (D:2)
  A quokka (D:1)
  5 ball pythons
  3 bats
  2 frilled lizards
  2 goblins
  5 kobolds
  2 rats
39 creatures vanquished.

Vanquished Creatures (others)
  4 plants (D:1)
4 creatures vanquished.

Grand Total: 43 creatures vanquished

Notes
Turn   | Place    | Note
-------+----------+-------------------------------------------
     0 | Abyss:1  | belegose the Ghoul Abyssal Knight began the quest for the
                  | Orb.
     0 | Abyss:1  | Reached XP level 1. HP: 19/19 MP: 1/1
    65 | Abyss:1  | Noticed an orange demon
    67 | D:1      | Escaped the Abyss
   147 | D:1      | You fall into a shaft and drop 1 floor!
   461 | D:2      | Reached XP level 2. HP: 19/26 MP: 2/2
   673 | D:2      | Reached * piety under Lugonu
   880 | D:1      | Reached XP level 3. HP: 31/31 MP: 3/3
  1027 | D:1      | Reached skill level 1 in Shields
  1374 | D:1      | Found a faded altar of an unknown god.
  2825 | D:3      | Noticed a necrophage
  2837 | D:3      | Killed a necrophage
  2838 | D:3      | Reached skill level 4 in Fighting
  2838 | D:3      | Reached XP level 4. HP: 16/40 MP: 5/5
  2838 | D:3      | Reached XP level 5. HP: 18/46 MP: 6/6
  3024 | D:3      | Noticed Sigmund
  3301 | D:4      | Noticed a hornet
  3313 | D:4      | Killed a hornet
  3314 | D:4      | Reached XP level 6. HP: 11/55 MP: 6/8
  3830 | D:4      | Found Bynireem's Antique Armour Boutique.
  3979 | D:4      | Reached skill level 5 in Fighting
  3979 | D:4      | Reached XP level 7. HP: 61/61 MP: 9/9
  4467 | D:5      | Entered Level 5 of the Dungeon
  4504 | D:4      | HP: 2/61 [water moccasin (7)]
  4504 | D:4      | Slain by a water moccasin

Illustrated notes

Levels and vault maps discovered:
D:1:      psy_arrival_radial01, layout_basic, serial_forest,
          infiniplex_forest_lined_room_2, infiniplex_forest_end_2,
          infiniplex_forest_clump_double, infiniplex_forest_clump_curved,
          infiniplex_forest_end_2, basic_ecumenical_altar
D:2:      layout_loops_ring, minmay_tetromino_t2
D:3:      layout_basic, minmay_misc_feat_pillars, uniq_sigmund
D:4:      layout_loops_corners, serial_shops, nicolae_shop_window_shopping
D:5:      layout_basic, minmay_temple_entry_water_ring,
          hangedman_decor_riveting, uniq_crazy_yiuf_cottage

Skill      XL: |  1  2  3  4  5  6 |
---------------+-------------------+-----
Maces & Flails | 2 3 |  3.5
Shields        | 1 2 |  2.8
Fighting       | 4 5 |  5.0
Invocations    | 3 4 |  4.3
Armour         | |  1.7
Dodging        | |  0.8

Action                   |  1- 3 |  4- 6 |  7- 9 || total
-------------------------+-------+-------+-------++-------
Melee: Mace              |    98 |    10 |       ||   108
       Morningstar       |       |    17 |    34 ||    51
Invok: Depart the Abyss  |     1 |       |       ||     1
Evoke: Wand              |       |     5 |       ||     5
Armor: Leather armour    |    37 |     8 |    10 ||    55
Dodge: Dodged            |    36 |     9 |    10 ||    55
Block: Kite shield       |    36 |    12 |    22 ||    70
